cohdb
Replays
Latest Replays
All Replays
Popular Replays
Top Player Replays
Match Explorer
How It Works
Community
CoH3 Stats
Reddit
Sign in to upload your games and track your stats! →
Sign in with Steam
Match 23763196
Unlisted
Match 23763196
Overview
Messages
Build Orders
End
Construct Barracks
Riflemen Squad
Riflemen Squad
Riflemen Squad
Selects Advanced Infantry Battlegroup
Infantry Support Center
Selects Convert to Ranger Squad
Convert to Ranger Squad
M1 Mortar Team
M1918 Browning Automatic Rifles
Munitions Surplus
Construct Weapon Support Center
Bazooka Squad
Selects Designate Assault Position
Advanced Logistics
Convert to Ranger Squad
Bazooka Squad
Selects Ranger Weapon Training
Convert to Ranger Squad
Survival Training
Designate Assault Position
有摆子
白起
Seiun Sky
BiliBilI_24073386_狐狸
♠
Ok.okokok
「𝓞𝓓𝓢𝓣」剑钟仙
US Tier 4 enjoyer
0
0
Comments
sign in to comment!
No comments posted yet!